[Event "MCR rapid mládeže 2023 U16"]
[Site "Harachov, Czech Republic"]
[Date "2023.09.09"]
[Round "1.29"]
[White "Velim, Vojtech"]
[Black "Macharacek, Jakub"]
[Result "1-0"]
[TimeControl "20min+5s/move"]
[WhiteElo "1799"]
[BlackElo "1166"]

1. d4 d5 2. c4 e6 3. Nc3 Nf6 4. Bg5 Be7 5. e3 O-O 6. Nf3 c6 7. cxd5 cxd5 8. Bd3 Nc6 9. a3 h6 10.
Bh4 Nd7 11. Bg3 Nb6 12. O-O a6 13. Qe2 Bd6 14. Rac1 Bxg3 15. hxg3 Qe7 16. Bb1 e5 17. dxe5 Nxe5 18. Nd4 Be6 19.
Qc2 Ng6 20. f4 f5 21. g4 Qd7 22. gxf5 Bxf5 23. Nxf5 1-0

[Event "MCR rapid mládeže 2023 U16"]
[Site "Harachov, Czech Republic"]
[Date "2023.09.09"]
[Round "1.30"]
[White "Sarman, Damian"]
[Black "Fadrny, Jachym"]
[Result "0-1"]
[TimeControl "20min+5s/move"]
[WhiteElo "1164"]
[BlackElo "1347"]

1. b3 e5 2. Bb2 Nc6 3. e3 d5 4. Bb5 Bd6 5. Nf3 Bg4 6. h3 Bxf3 7. Qxf3 Nf6 8. Nc3 a6 9. Bxc6+ bxc6 10.
O-O O-O 11. Ne2 Ne4 12. Rad1 Ng5 13. Qg4 f5 14. Qh4 Nf3+ 15. gxf3 Qxh4 16. Ng3 f4 17. exf4 exf4 18. Ne2 Rf5 19.
Rfe1 Qxh3 20. a3 Rg5+ 21. Ng3 fxg3 22. Re2 Qh2+ 23. Kf1 Qh1# 0-1

[Event "MCR rapid mládeže 2023 U16"]
[Site "Harachov, Czech Republic"]
[Date "2023.09.09"]
[Round "1.31"]
[White "Gernert , Tomas"]
[Black "Tomes, Jan"]
[Result "1-0"]
[TimeControl "20min+5s/move"]
[WhiteElo "1236"]
[BlackElo "1050"]

1. e4 e5 2. Nf3 Nc6 3. d4 exd4 4. Bc4 Nf6 5. e5 d5 6. Bb5 Nd7 7. O-O Be7 8. Bxc6 bxc6 9. Nxd4 Nxe5 10.
Bf4 Ng6 11. Nxc6 Qd7 12. Nxe7 Nxe7 13. Re1 O-O 14. Nc3 Bb7 15. Qe2 Ng6 16. Bg3 Qc6 17. Qb5 Qxb5 18. Nxb5 c6 19. Nd6 Bc8 20.
c4 dxc4 21. Nxc4 Be6 22. Nd6 Rab8 23. b3 h5 24. h3 Rbd8 25. Rac1 Ne7 26. Bh4 Rd7 27. Bxe7 Rxe7 28. Rxc6 Rd7 29.
Ne4 Bd5 30. Ra6 Bxe4 31. Rxe4 Rd1+ 32. Kh2 Rd7 33. Rea4 Ra8 34. Kg3 g6 35. b4 Rd3+ 36. f3 Rd7 37. b5 Rb7 38. b6 Kg7 39.
Rxa7 Rab8 40. Rxb7 Rxb7 41. Rb4 Kh6 42. h4 f6 43. f4 f5 44. a4 Kg7 45. a5 Kf7 46. a6 Re7 47. b7 Re3+ 48. Kf2 Ra3 49. b8=Q Ra2+ 50. Rb2 Rxa6 51. Qb7+ Kf6 52. Qxa6+ Kg7 53.
Rb7+ Kh6 54. Rb8 Kg7 55. Qa7+ Kh6 56. Rh8# 1-0

[Event "MCR rapid mládeže 2023 U16"]
[Site "Harachov, Czech Republic"]
[Date "2023.09.09"]
[Round "1.32"]
[White "Strihavka, Petr"]
[Black "Vo, Daniel"]
[Result "0-1"]
[TimeControl "20min+5s/move"]
[WhiteElo "1205"]
[BlackElo "1445"]

1. e4 c5 2. Nf3 d6 3. d4 cxd4 4. Nxd4 Nf6 5. Nc3 a6 6. Bc4 e6 7. Bg5 Be7 8. h3 Qc7 9. Bb3 O-O 10.
O-O h6 11. Bh4 b5 12. a3 Bb7 13. Bxe6 Nxe4 14. Nxe4 Bxe4 15. Bb3 Bxh4 16. Qg4 Qe7 17. Rfe1 Bxf2+ 18. Kxf2 Qf6+ 19. Nf3 Bxf3 20.
Qxf3 Qxf3+ 21. Kxf3 Nd7 22.
Rad1 Ne5+ 23. Kf2 Rfd8 24. Rd2 Rac8 25. c3 Kf8 26. Red1 Ke7 27. Ke3 g6 28. g4 Nc4+ 29. Bxc4 Rxc4 30.
Rf1 Rc5 31. Rdf2 Re5+ 32. Kd3 Rf8 33. h4 f6 34. b4 g5 35. h5 d5 36. Rf5 Rf7 37. R1f3 Ke6 38. Re3 Re7 39. Kd4 Rxe3 40.
Kxe3 Rc7 41. Kd4 Rc4+ 42. Kd3 Rxg4 43. Rf3 Rh4 44. Re3+ Kd6 45. Rf3 Ke7 46. Rf5 Ke6 47. Rf3 Rxh5 48.
Kd4 g4 49. Rg3 Kd6 50. Rxg4 Rg5 51. Rh4 h5 52. Kd3 f5 53. Rf4 Ke5 54. Rh4 f4 55. Ke2 Ke4 56. Rh3 Rg2+ 57. Kf1 Rg3 58. Rxh5 Rxc3 59. Rh6 Rxa3 60. Re6+ Kf3 61. Re5 Ra1+ 62.
Re1 Rxe1+ 63. Kxe1 Ke3 0-1

[Event "MCR rapid mládeže 2023 U16"]
[Site "Harachov, Czech Republic"]
[Date "2023.09.09"]
[Round "1.33"]
[White "Vorlik, Jachym"]
[Black "Hlavacek, Pavel"]
[Result "1-0"]
[TimeControl "20min+5s/move"]
[WhiteElo "1210"]
[BlackElo "1203"]

1. e4 c5 2. Nf3 d6 3.
Nc3 Nc6 4. d4 cxd4 5. Nxd4 Nf6 6. Bb5 Bd7 7. O-O g6 8. Be3 Bg7 9. f3 O-O 10. Bxc6 Bxc6 11. Qd2 Re8 12. Rad1 Qd7 13.
Rfe1 Rad8 14. Nxc6 bxc6 15. Bh6 Bh8 16. Qe3 c5 17. e5 Nh5 18. g4 Ng7 19. Nd5 Qc6 20. exd6 Rxd6 21. Nxe7+ Rxe7 22.
Qxe7 Ne6 23. Rxd6 Bd4+ 24. Rxd4 cxd4 25. Rxe6 1-0

[Event "MCR rapid mládeže 2023 U16"]
[Site "Harachov, Czech Republic"]
[Date "2023.09.09"]
[Round "1.34"]
[White "Bartak, Tobias"]
[Black "Trejbal, Jindrich"]
[Result "0-1"]
[TimeControl "20min+5s/move"]
[WhiteElo "1259"]
[BlackElo "1088"]

1. e4 e5 2. Nf3 Nf6 3. Nc3 Bb4 4. d3 Nc6 5. Bg5 O-O 6. Be2 h6 7. Bh4 d6 8. O-O Qe8 9. Bxf6 Bxc3 10. Bxg7 Kxg7 11. bxc3 Kh7 12.
Nh4 Rg8 13. Bh5 Qe7 14. g3 Qxh4 15. Bxf7 Rg7 16. Kh1 Bh3 17. Rg1 Qf6 18. Bh5 Qxf2 19. Bf3 Rf8 20. Bg2 Bxg2+ 21. Rxg2 Qf3 22.
Qxf3 Rxf3 23. Rb1 b6 24. Kg1 Rgf7 25. h4 a5 26. a4 Ne7 27. d4 Nc6 28. d5 Nd8 29. c4 Nb7 30. Rb3 Rf1+ 31.
Kh2 R1f2 32. Kg1 Rxg2+ 33. Kxg2 Nc5 0-1

[Event "MCR rapid mládeže 2023 U16"]
[Site "Harachov, Czech Republic"]
[Date "2023.09.09"]
[Round "1.35"]
[White "Skoloud, Josef"]
[Black "Temenugov, Leo Filip"]
[Result "0-1"]
[TimeControl "20min+5s/move"]
[WhiteElo "1075"]
[BlackElo "1096"]

1. e4 e5 2. f4 exf4 3. Nf3 Nf6 4. e5 Nd5 5. c4 Ne7 6. d4 d6 7. Bxf4 dxe5 8. Nxe5 Nf5 9. Bd3 Qxd4 10.
Qe2 Bb4+ 11. Bd2 Bxd2+ 12. Nxd2 Qh4+ 13. Kd1 O-O 14. Nef3 Qf6 15. Ne4 Qe6 16. Re1 Nc6 17. Qf2 Rd8 18.
Qf1 Qd7 19. Nc5 Qd6 20. Nb3 Qxd3+ 21. Qxd3 Rxd3+ 22. Kc2 Nb4+ 23. Kc1 Be6 24. Nc5 Rd6 25. a3 Nd3+ 26. Nxd3 Rxd3 27. Ng5 Ne3 28.
Nxe6 fxe6 29. Kb1 Rad8 30. Ka2 Nc2 31. Rxe6 Nxa1 32. Kxa1 Rd1+ 33. Ka2 Kf7 34. Re5 R8d2 35. Rb5 b6 36.
c5 a6 37. Rb3 bxc5 38. Rc3 Re2 39. Rxc5 Rdd2 40. Rxc7+ Kg6 41. Rb7 Rxg2 42. Rb6+ Kh5 43. Rb4 a5 44. Rb5+ Rg5 45. Rb7 Rxh2 46.
Rb3 a4 47. Rb4 Rgg2 48. Rb5+ g5 49. Rb7 Kg6 50. Rb6+ Kh5 51. Rb7 h6 52. Rb6 Rh1 53. Rb5 Rgg1 54. b3 Rh2# 0-1

[Event "MCR rapid mládeže 2023 U16"]
[Site "Harachov, Czech Republic"]
[Date "2023.09.09"]
[Round "1.36"]
[White "Burel, Jan"]
[Black "Zeman, Jonas"]
[Result "0-1"]
[TimeControl "20min+5s/move"]
[WhiteElo "1046"]
[BlackElo "1130"]

1. e4 c5 2. Nf3 d6 3. Bc4 Nc6 4.
Nc3 e6 5. d3 Nf6 6. Bg5 Be7 7. O-O O-O 8. Qd2 a6 9. a4 Re8 10. Rfe1 h6 11. Be3 d5 12. exd5 exd5 13. Bb3 d4 14.
Nd1 dxe3 15. Nxe3 Bg4 16. Nh4 Ne4 17. Qc1 Nxf2 18. Nxg4 Nxg4 19. Nf3 c4 20. Bxc4 Qb6+ 21. d4 Nxd4 22.
Bxf7+ Kh8 23. Kh1 Nb3 24. cxb3 Nf2+ 25. Kg1 Nh3+ 0-1

[Event "MCR rapid mládeže 2023 U16"]
[Site "Harachov, Czech Republic"]
[Date "2023.09.09"]
[Round "2.1"]
[White "Roubal, Matyas"]
[Black "Martirosyan, David"]
[Result "1/2-1/2"]
[TimeControl "20min+5s/move"]
[WhiteElo "1911"]
[BlackElo "1861"]

1. e4 e5 2. Nf3 Nf6 3. Nxe5 d6 4. Nf3 Nxe4 5. Nc3 Nxc3 6. dxc3 Be7 7. Be3 Nc6 8. Qd2 Be6 9. O-O-O Qd7 10.
Ng5 Bxg5 11. Bxg5 h6 12. Be3 a6 13. Be2 O-O-O 14. f4 Rhe8 15. h3 f5 16. Rhe1 g6 17. Bf2 Kb8 18. Bh4 Rc8 19.
Bf3 Bf7 20. b3 Rxe1 21. Rxe1 Re8 22. Kb2 Rxe1 23. Qxe1 Qe6 24. Qxe6 Bxe6 25. g4 Kc8 26. Bf6 Kd7 27. Bg7 fxg4 28.
hxg4 Ne7 29. Bxh6 Bd5 30. Be2 Ke6 31. c4 Bg2 32. Kc3 Ng8 33. Bg5 Nf6 34. Bxf6 Kxf6 35. Kd4 b6 36. Ke3 Bc6 37.
g5+ Kg7 38. Bf3 Bd7 39. c3 a5 40. a3 Bf5 41. Kd4 Be6 42. b4 c5+ 43. Kd3 Bf5+ 44. Be4 Be6 45. Bd5 Bf5+ 46. Ke3 Bd7 47. Be4 Be6 48. Bd3 Kf7 49.
Kf3 Kg7 50. Ke4 1/2-1/2

[Event "MCR rapid mládeže 2023 U16"]
[Site "Harachov, Czech Republic"]
[Date "2023.09.09"]
[Round "2.2"]
[White "Bludsky, Hynek"]
[Black "Svadlenka, Dominik"]
[Result "0-1"]
[TimeControl "20min+5s/move"]
[WhiteElo "1547"]
[BlackElo "1588"]

1. e4 c6 2. Nc3 d5 3. Nf3 dxe4 4. Nxe4 Nf6 5. Nxf6+ exf6 6. d4 Bd6 7. c3 O-O 8. Bd3 Re8+ 9. Be3 Bg4 10. O-O Nd7 11. Re1 Nf8 12.
h3 Bh5 13. Rc1 Ne6 14. Rc2 Bc7 15. Be2 Qd6 16. g3 Rad8 17. Nh2 Bg6 18. Rd2 f5 19. f4 Ng5 20. Bd3 Ne4 21. Bxe4 Rxe4 22.
Kf2 Qe6 23. Qb1 Re8 24. Rd3 f6 25. Nf3 Qd7 26. Nd2 R4e7 27. Qc2 Bf7 28. b3 Bd5 29. c4 Be4 30. Nxe4 Rxe4 31. d5 cxd5 32.
Rxd5 Qe6 33. Qd3 h5 34. h4 Bxf4 35. gxf4 Rxf4+ 36. Kg3 Re4 37. Kf2 f4 38. Rd4 Rxe3 39. Rxe3 fxe3+ 40. Ke2 Qh3 41.
Re4 Qg2+ 42. Kxe3 Qg3+ 43. Kd4 Rd8+ 44. Ke3 Re8+ 45. Ke2 0-1

[Event "MCR rapid mládeže 2023 U16"]
[Site "Harachov, Czech Republic"]
[Date "2023.09.09"]
[Round "2.3"]
[White "Popov, Roman"]
[Black "Novotny, Dominik"]
[Result "1/2-1/2"]
[TimeControl "20min+5s/move"]
[WhiteElo "1751"]
[BlackElo "1707"]

1. d4 Nf6 2. c4 e6 3. Nc3 Bb4 4. a3 Bxc3+ 5. bxc3 c5 6. f3 Qa5 7. Bd2 Nc6 8. e4 d6 9. d5 Ne7 10.
Bd3 Ng6 11. f4 O-O 12. Ne2 Re8 13. Qc2 Qc7 14. O-O exd5 15. exd5 Bd7 16. Ng3 Re7 17. Bxg6 hxg6 18. f5 gxf5 19. Nxf5 Bxf5 20. Qxf5 Rae8 21.
Bh6 Re5 22. Qf3 Ne4 23. Bf4 R5e7 24. Rae1 Qa5 25. Qg4 Nf6 26. Qd1 Qxc3 27. Rxe7 Rxe7 28. Bxd6 Re8 29. Bxc5 Qxc4 30. Bxa7 Nxd5 31. Qf3 Nf6 32. Qg3 Qe6 33.
Bc5 Ne4 34. Qc7 Nxc5 35. Qxc5 Qe3+ 36. Qxe3 Rxe3 1/2-1/2

[Event "MCR rapid mládeže 2023 U16"]
[Site "Harachov, Czech Republic"]
[Date "2023.09.09"]
[Round "2.4"]
[White "Vlcek, Vojtech"]
[Black "Babula, Matej"]
[Result "0-1"]
[TimeControl "20min+5s/move"]
[WhiteElo "1534"]
[BlackElo "1865"]

1. d4 Nf6 2. c4 e6 3. Nf3 b6 4. g3 Bb7 5. Bg2 Be7 6. Nc3 Ne4 7. Nxe4 Bxe4 8. O-O O-O 9. a3 c6 10.
b4 d5 11. c5 Nd7 12. cxb6 axb6 13. Bb2 b5 14. Ne5 Nxe5 15. Bxe4 Nc4 16. Bb1 f5 17. Qc2 Bg5 18. e3 Qe8 19. Rd1 Qh5 20. Qc3 Qxd1+ 0-1

[Event "MCR rapid mládeže 2023 U16"]
[Site "Harachov, Czech Republic"]
[Date "2023.09.09"]
[Round "2.5"]
[White "Juhanak, Daniel"]
[Black "Macosek, Alex"]
[Result "1-0"]
[TimeControl "20min+5s/move"]
[WhiteElo "1878"]
[BlackElo "1508"]

1. Nf3 g6 2. c4 Bg7 3. g3 Nc6 4. Bg2 d6 5. O-O e5 6. Nc3 f5 7. d3 Nf6 8. Rb1 O-O 9. b4 h6 10.
b5 Ne7 11. Ne1 Nh5 12. Nd5 Nxd5 13. Bxd5+ Kh7 14. f4 exf4 15. gxf4 Qe7 16. Ng2 Be6 17. Bxb7 Rad8 18. Ba3 g5 19.
e3 gxf4 20. Qxh5 fxe3 21. Rbe1 Bd4 22. Rf4 Qf6 23. Kh1 Be5 24. Bc1 Bxf4 25. Nxf4 Rg8 26. Bxe3 Bf7 27. Qf3 Rg4 28. Nd5 Qh4 29. Bf2 Qg5 30.
h3 Bxd5 31. Bxd5 Rf4 32. Qe3 Rf8 33. Rg1 Rg4 34. hxg4 f4 35. Qe4+ Kh8 36. Bd4+ Rf6 37. Qe8+ 1-0

[Event "MCR rapid mládeže 2023 U16"]
[Site "Harachov, Czech Republic"]
[Date "2023.09.09"]
[Round "2.6"]
[White "Hrbek, Jachym"]
[Black "Langmaier, Michal"]
[Result "1-0"]
[TimeControl "20min+5s/move"]
[WhiteElo "1769"]
[BlackElo "1769"]

1. e4 c5 2. b4 cxb4 3. a3 bxa3 4. d4 e6 5. Nxa3 Bb4+ 6. Bd2 Bxd2+ 7. Qxd2 Ne7 8. Bd3 d5 9. e5 a6 10.
Nb5 O-O 11. Nd6 Nbc6 12. Ne2 Qc7 13. O-O Rd8 14. f4 Rxd6 15. exd6 Qxd6 16. c3 a5 17. Rf3 Ng6 18. Raf1 a4 19.
f5 exf5 20. Ng3 Nce7 21. Qe1 a3 22. Nxf5 Bxf5 23. Bxf5 Nxf5 24. Rxf5 Rf8 25. Qb1 b6 26. Qb5 Ne7 27. Rxf7 Ng6 28.
Rxf8+ Nxf8 29. Qe8 a2 30. Qf7+ 1-0

[Event "MCR rapid mládeže 2023 U16"]
[Site "Harachov, Czech Republic"]
[Date "2023.09.09"]
[Round "2.7"]
[White "Andrle, Filip"]
[Black "Striz, Tadeas"]
[Result "1-0"]
[TimeControl "20min+5s/move"]
[WhiteElo "1649"]
[BlackElo "1454"]

1. e4 c5 2. c4 Nc6 3. Nc3 g6 4. g3 Bg7 5. Bg2 e6 6. Nge2 Nge7 7. O-O O-O 8. d3 Nd4 9. Nxd4 Bxd4 10.
Ne2 Nc6 11. Nxd4 Nxd4 12. Rb1 Qb6 13. Bd2 Nc6 14. Bc3 e5 15. f4 exf4 16. Rxf4 d6 17. Qd2 Qc7 18. Rbf1 f5 19. exf5 Bxf5 20.
Bd5+ Rf7 21. Rxf5 gxf5 22. Rxf5 Nd8 23. Qh6 1-0

[Event "MCR rapid mládeže 2023 U16"]
[Site "Harachov, Czech Republic"]
[Date "2023.09.09"]
[Round "2.8"]
[White "Krajicek, Matej"]
[Black "Jasso, Matej"]
[Result "1-0"]
[TimeControl "20min+5s/move"]
[WhiteElo "1565"]
[BlackElo "1794"]

1. Nf3 Nf6 2. c4 e6 3. Nc3 d5 4. d4 Bb4 5. Qa4+ Nc6 6. e3 O-O 7. Bd2 Bd7 8. Qc2 Re8 9. a3 Bxc3 10.
Bxc3 Ne4 11. Bd3 f5 12. O-O Qf6 13. Rad1 g5 14. Ne5 Nxe5 15. dxe5 Qf7 16. Bxe4 dxe4 17. Rd4 Bc6 18. Rfd1 f4 19.
b4 b5 20. cxb5 Bd5 21. Bb2 Re7 22. exf4 gxf4 23. Bc1 Rf8 24. Qd2 Qg6 25. Rxd5 exd5 26. Qxd5+ Qe6 27. Qd2 Rg7 28. Kh1 Qg4 29.
Rg1 h5 30. Qd5+ Kh8 31. Qxe4 f3 32.
Qxg4 Rxg4 33. gxf3 Rxf3 34. Rxg4 hxg4 35. Be3 Kg7 36. a4 Rf5 37. Bxa7 Kf7 38. Bb8 Rxe5 39. Bxc7 Re4 40. Bd6 Ke6 41. Bc5 Kf5 42. a5 Ke6 43. Kg2 Kd5 44. a6 Re8 45. b6 Kc6 46.
Kg3 Ra8 47. b7 Re8 48. Kxg4 Kc7 49. f4 Kb8 50. f5 Rg8+ 51. Kf4 Rh8 52. f6 Rh6 53. Bd6+ Ka7 54. b8=Q+ 1-0

[Event "MCR rapid mládeže 2023 U16"]
[Site "Harachov, Czech Republic"]
[Date "2023.09.09"]
[Round "2.9"]
[White "Lackova, Ludmila"]
[Black "Dorazilova, Kristyna"]
[Result "0-1"]
[TimeControl "20min+5s/move"]
[WhiteElo "1479"]
[BlackElo "1517"]

1. d4 Nf6 2. c4 e6 3. Nc3 b6 4. Nf3 Bb7 5. g3 c5 6. dxc5 Bxc5 7. Bg2 Nc6 8. O-O O-O 9. Bg5 Be7 10.
b3 h6 11. Bf4 d6 12. Nb5 Ne8 13. Qd2 a6 14. Nc3 Qd7 15. Rfd1 Rd8 16. Be3 Rc8 17. Bxb6 Nf6 18. Be3 Rfd8 19.
Ne1 Ne5 20. Bb6 Re8 21. Bxb7 Qxb7 22. Bd4 Nc6 23. Bxf6 Bxf6 24. Rac1 Red8 25. Ne4 Be7 26. Nf3 Nb4 27. Nc3 d5 28. cxd5 Nxd5 29. Nxd5 Rxd5 30. Rxc8+ Qxc8 31.
Qc1 Qxc1 32. Rxc1 Rc5 33. Rxc5 Bxc5 34. Ne5 f6 35. Nd7 Ba7 36. b4 Kf7 37. Kf1 a5 38. a3 axb4 39. axb4 Ke7 40. Nc5 Bxc5 41. bxc5 Kd7 42. e3 Kc6 43. Ke2 Kxc5 44. Kd3 Kd5 45. e4+ Kc5 46. f4 e5 47. f5 h5 48. h3 Kb5 49. g4 h4 50. Kc3 Kc5 51. Kd3 Kb4 52. Ke2 Kc3 53. Ke3 Kc4 54. Ke2 Kd4 55. Kf3 Kd3 56.
g5 fxg5 57. Kg4 Kxe4 58. Kxg5 Kf3 59. Kg6 Kf4 60. Kh5 Kxf5 61.
Kxh4 e4 62. Kh5 e3 63. h4 g6 64. Kh6 e2 65. Kh7 e1=Q 66. Kg7 Qe7+ 67. Kh8 g5 68. hxg5 Kxg5 69. Kg8 Kg6 70. Kh8 Qg7# 0-1

[Event "MCR rapid mládeže 2023 U16"]
[Site "Harachov, Czech Republic"]
[Date "2023.09.09"]
[Round "2.10"]
[White "Kaplanova, Dominika"]
[Black "Bartova, Hana"]
[Result "1/2-1/2"]
[TimeControl "20min+5s/move"]
[WhiteElo "1461"]
[BlackElo "1389"]

1. e4 e5 2. Nf3 Nf6 3. Nc3 Nc6 4. Bb5 Nd4 5. d3 Nxb5 6. Nxb5 c6 7. Nc3 d6 8. h3 h6 9. Be3 Qc7 10.
Ne2 d5 11. exd5 cxd5 12. O-O Bd6 13. c3 Bd7 14. Qd2 g5 15. Rfd1 Bc6 16. d4 e4 17. Ne5 Bxe5 18. dxe5 Qxe5 19.
Qd4 Qe6 20. Ng3 Rg8 21. Qd2 Nd7 22. Ne2 Qg6 23. Kf1 f5 24. Bd4 Bb5 25. a4 Bc4 26. Ra3 f4 27. Ke1 Rf8 28. Rc1 Qf7 29.
Kd1 f3 30. gxf3 Qxf3 31. Qe3 Bxe2+ 32. Qxe2 Qxh3 33. Kd2 Qf3 34. Rf1 Qxe2+ 35. Kxe2 Rf3 36. Rh1 O-O-O 37. Rxh6 Rg8 38. Rh8 Rxh8 39.
Bxh8 Nf6 40. Bxf6 Rxf6 41. Ra1 Rf5 42. Rh1 Kc7 43. Rh7+ Kb6 44. b4 Rf3 45. Rh6+ Kc7 46.
Rg6 Rf5 47. Rg7+ Kb6 48. Rg6+ Kc7 49. Rg7+ 1/2-1/2

[Event "MCR rapid mládeže 2023 U16"]
[Site "Harachov, Czech Republic"]
[Date "2023.09.09"]
[Round "2.11"]
[White "Kubatova, Ema"]
[Black "Kammova, Katerina"]
[Result "0-1"]
[TimeControl "20min+5s/move"]
[WhiteElo "1206"]
[BlackElo "1393"]

1. d4 e6 2. e4 d5 3. Nd2 Be7 4. c3 Nf6 5. Bd3 b6 6. Bc2 Bb7 7. e5 Nfd7 8. Ngf3 Ba6 9. Nb3 c5 10.
Bf4 Qc8 11. Nc1 Nc6 12. Bd3 cxd4 13. cxd4 Nb4 14. O-O Nxd3 15. Nxd3 Qc4 16. Nfe1 Qc7 17. Rc1 Qd8 18. Nf3 Rc8 19.
Qd2 O-O 20. Rfd1 Bc4 21. b3 Ba6 22. Nb4 Bb7 23. a3 a5 24. Nc2 Ba6 25. a4 Nb8 26. Qe1 Nc6 27. Bd2 Qd7 28. Qe3 Qd8 29.
Qe1 Re8 30. Bc3 Qd7 31. Qd2 Qd8 32. Nce1 Nb4 33. Bxb4 Bxb4 34. Qb2 Qe7 35. Qb1 Be2 36. Rxc8 Rxc8 37. Rc1 Ba6 38. Rxc8+ Bxc8 39.
Qc2 Qd7 40. Nd3 Be7 41. h3 Bb7 42. Qc3 Qc8 43. Qxc8+ Bxc8 44. Kh2 f6 45. exf6 gxf6 46. Nd2 Kf7 47. Kg3 Bd6+ 48. Kf3 e5 49. dxe5 fxe5 50. Ne1 e4+ 51. Ke3 Bc5+ 52. Ke2 Ba6+ 53. Kd1 Bxf2 54. Nc2 Ke6 55.
Nb1 e3 56. Nc3 d4 57. Nxd4+ Ke5 58. Nf3+ Kd6 59. Ne2 Kc5 60. Nfd4 Bb7 61. g4 Bg2 62. Nc2 Bxh3 63. Nf4 Bxg4+ 64. Ne2 h5 0-1

[Event "MCR rapid mládeže 2023 U16"]
[Site "Harachov, Czech Republic"]
[Date "2023.09.09"]
[Round "2.12"]
[White "Mikesova, Lenka"]
[Black "Slivova, Linda"]
[Result "1/2-1/2"]
[TimeControl "20min+5s/move"]
[WhiteElo "1410"]
[BlackElo "1386"]

1. e4 d5 2. exd5 Qxd5 3. Nc3 Qd6 4. d4 Nf6 5. Nf3 c6 6. Bc4 Bf5 7. O-O e6 8. Bg5 Be7 9. Nh4 Bg6 10.
Nxg6 hxg6 11. h3 Nbd7 12. Re1 O-O-O 13. a4 Nb6 14. Bd3 Qxd4 15. Be3 Qd6 16. Bxb6 axb6 17. a5 bxa5 18. Rxa5 Rh5 19.
Ra8+ Kd7 20. Rxd8+ Bxd8 21. Be2 Ra5 22. Qxd6+ Kxd6 23. Rd1+ Ke7 24. Bf3 Nd5 25. Nxd5+ exd5 26. Re1+ Kd7 27.
Rd1 Bf6 28. b4 Ra1 29. Rxa1 Bxa1 30. Be2 Kd6 31. Kf1 Bc3 32. b5 Kc5 33. bxc6 bxc6 34. Bd3 g5 35. Ke2 Kd4 36. Bh7 Ke5 37.
Bd3 c5 38. Ba6 Bd4 39. Bb5 Bc3 40. Be8 f6 41. Bg6 Bd4 42. f3 Kf4 43. Bf7 Kg3 44. Kf1 Kf4 45. Bxd5 Ke5 46. Bb3 Be3 47. Ke2 Bd4 48. Bc4 Kf4 49.
Bd3 Kg3 50. Kf1 Be3 51. Be4 Bd4 1/2-1/2

[Event "MCR rapid mládeže 2023 U16"]
[Site "Harachov, Czech Republic"]
[Date "2023.09.09"]
[Round "2.13"]
[White "Barteckova, Valerie"]
[Black "Buchtova, Viktorie"]
[Result "1-0"]
[TimeControl "20min+5s/move"]
[WhiteElo "1498"]
[BlackElo "1556"]

1. d4 Nf6 2. Nf3 e6 3.
e3 b6 4.
c3 Bb7 5. Bd3 Be7 6. Nbd2 d5 7. O-O Nbd7 8. Qe2 O-O 9. e4 dxe4 10. Nxe4 Nxe4 11. Bxe4 Bxe4 12. Qxe4 Nf6 13. Qe2 c5 14.
Be3 Qc7 15. Rac1 Nd5 16. dxc5 Bxc5 17. Bxc5 Qxc5 18. Nd4 Rac8 19. Rfe1 Qc4 20. Qxc4 Rxc4 21. Rcd1 a6 22. Nc2 Rfc8 23.
Ne3 Nxe3 24. Rxe3 Kf8 25. Red3 R8c7 26. Rd7 Ke8 27. Rxc7 Rxc7 28. Rd6 Rd7 29. Rxd7 Kxd7 30. Kf1 Kd6 31. Ke2 Kd5 32. Kd3 b5 33.
b3 f6 34. f3 h5 35. h3 g5 36. g3 f5 37. Ke3 e5 38. f4 exf4+ 39. gxf4 g4 40. hxg4 hxg4 41. Kd3 Kc5 42. Ke3 a5 43.
Kd3 a4 44. Ke3 Kd5 45. Kd3 Kc5 46.
Ke3 Kd5 47. Kd3 a3 48. Ke3 Kc5 49. Kd3 Kd5 1-0

[Event "MCR rapid mládeže 2023 U16"]
[Site "Harachov, Czech Republic"]
[Date "2023.09.09"]
[Round "2.14"]
[White "Kubatova, Beta"]
[Black "Nguyen, Nhat Minh Thu"]
[Result "1/2-1/2"]
[TimeControl "20min+5s/move"]
[WhiteElo "1376"]
[BlackElo "1405"]

1. d4 d5 2. c4 Bf5 3. Nc3 e6 4. Nf3 h6 5. Bf4 Nf6 6. e3 c5 7. Be2 Nc6 8. O-O Be7 9. Rc1 Bg4 10.
h3 Bxf3 11. Bxf3 cxd4 12. exd4 dxc4 13. Nb5 Rc8 14. Rxc4 a6 15. Bxc6+ bxc6 16. Na7 Ra8 17. Nxc6 Qd7 18. Nxe7 Qxe7 19.
Qa4+ Qd7 20. Qxd7+ Nxd7 21. Rfc1 O-O 22. Bd6 Rfd8 23. Rc7 Nf6 24. Be5 Nd7 25. Rb7 Nxe5 26. dxe5 Rab8 27. Rcc7 Rxb7 28.
Rxb7 Rd5 29. Ra7 a5 30. f4 Rb5 31. Kh2 Rxb2 32. Rxa5 Kh7 33. Ra7 Kg6 34. Kg3 Rc2 35. a4 h5 36.
h4 Rc3+ 37. Kh2 Rc4 38. g3 Rc2+ 39.
Kh3 Rc1 40. a5 Ra1 41. a6 Ra5 42. Ra8 Ra3 43. a7 Ra4 44. Kg2 Kf5 45. Rg8 Rxa7 46. Rxg7 Ra2+ 47. Kh3 Ra7 48. Rg5+ Ke4 49.
Rxh5 Kf3 50. f5 Ra1 51. Kh2 Ra2+ 1/2-1/2

[Event "MCR rapid mládeže 2023 U16"]
[Site "Harachov, Czech Republic"]
[Date "2023.09.09"]
[Round "2.15"]
[White "Zrust, Lukas"]
[Black "Mik, Tomas"]
[Result "0-1"]
[TimeControl "20min+5s/move"]
[WhiteElo "1519"]
[BlackElo "1802"]

1. e4 c5 2. Nf3 e6 3. d4 cxd4 4. Nxd4 a6 5. Be3 Nf6 6. Nc3 Qc7 7. Be2 Bb4 8. Bd2 Bxc3 9. Bxc3 Nxe4 10.
Bb4 Qb6 11. c3 d6 12. O-O O-O 13. Bf3 Nf6 14. Nb3 Nc6 15. Bxd6 Rd8 16. Bc5 Qc7 17. Qc2 b6 18. Be3 Bb7 19.
Rad1 Nb4 20. Qe2 Nbd5 21. Bxd5 Nxd5 22. Bd4 Nf4 23. Qg4 e5 24. Be3 Nxg2 25. Bg5 Rxd1 26. Rxd1 Nf4 27. Bf6 Ng6 28.
Bg5 Qc6 29. f3 Qxf3 30. Qxf3 Bxf3 31. Rd6 f6 32. Be3 b5 33. Kf2 e4 34. a3 Ne5 35. Nc5 Ng4+ 36. Nb3 Ne5 37. h3 0-1

[Event "MCR rapid mládeže 2023 U16"]
[Site "Harachov, Czech Republic"]
[Date "2023.09.09"]
[Round "2.16"]
[White "Svadlenka, Michal"]
[Black "Krivka, Matej"]
[Result "1-0"]
[TimeControl "20min+5s/move"]
[WhiteElo "1451"]
[BlackElo "1552"]

1. e4 c5 2. Nf3 e6 3. d4 cxd4 4. Nxd4 Nc6 5. Nc3 a6 6. Be3 Qc7 7. Qd2 Nf6 8. f3 Bb4 9. O-O-O d5 10.
exd5 Nxd5 11. Nxc6 Qxc6 12. Bd4 Bxc3 13. Bxc3 O-O 14. Be5 b5 15. Bd3 f6 16. Bg3 Bb7 17. Rhe1 Rac8 18. Qe2 Rfe8 19.
Rd2 Nb4 20. Be4 Qc7 21. Bxc7 1-0

[Event "MCR rapid mládeže 2023 U16"]
[Site "Harachov, Czech Republic"]
[Date "2023.09.09"]
[Round "2.17"]
[White "Walder, Hugo"]
[Black "Honcharov, Makar"]
[Result "1-0"]
[TimeControl "20min+5s/move"]
[WhiteElo "1403"]
[BlackElo "1593"]

1. e4 c5 2. Nf3 d6 3. d4 cxd4 4. Nxd4 Nf6 5. Nc3 a6 6. Bc4 e6 7. Bb3 Nbd7 8. Bg5 Nc5 9. O-O Nxb3 10.
Nxb3 Be7 11. Qd2 h6 12. Be3 b5 13. f3 Bb7 14. a4 b4 15. Na2 a5 16. Qf2 Nd7 17. Rfd1 Qc7 18. Rac1 d5 19.
c3 Qc6 20. Nd4 Qa6 21. Nb5 Rc8 22. cxb4 O-O 23. Nc7 Qd6 24. Nb5 Rxc1 25. Rxc1 Qe5 26. Bd4 Qg5 27. f4 Qg6 28. e5 axb4 29.
b3 f6 30. Qc2 Qg4 31. exf6 Bxf6 32. Bxf6 Nxf6 33. Qc7 Ba8 34. Nxb4 d4 35. Qc2 Qxf4 36. Nd3 Qg5 37. Nxd4 Rd8 38.
Nxe6 Qe3+ 39. Kh1 Qxd3 1-0

[Event "MCR rapid mládeže 2023 U16"]
[Site "Harachov, Czech Republic"]
[Date "2023.09.09"]
[Round "2.18"]
[White "Mydlar, Matej"]
[Black "Komarek, Tobias"]
[Result "1-0"]
[TimeControl "20min+5s/move"]
[WhiteElo "1711"]
[BlackElo "1312"]

1. e4 c5 2. Nf3 Nc6 3. d4 cxd4 4. Nxd4 Nf6 5. Nc3 g6 6. Be3 Bg7 7. Bc4 O-O 8. Bb3 d6 9. f3 Bd7 10.
Qd2 Rc8 11. O-O-O Nxd4 12. Bxd4 b5 13. g4 a5 14. a3 a4 15. Ba2 Qa5 16. g5 Nh5 17. Bxg7 Nxg7 18. Kb1 Bc6 19. Nd5 Qd8 20.
h4 Nh5 21. Nf4 Nxf4 22. Qxf4 Qb6 23. h5 Kg7 24. e5 Qf2 25. exd6 Bxf3 26. dxe7 Qxc2+ 27. Ka1 Bxd1 28.
exf8=Q+ Rxf8 29. Qd4+ Kg8 30. Rxd1 Qf5 31. h6 1-0

[Event "MCR rapid mládeže 2023 U16"]
[Site "Harachov, Czech Republic"]
[Date "2023.09.09"]
[Round "2.19"]
[White "Sochor, Antonin"]
[Black "Tejnor, Martin"]
[Result "0-1"]
[TimeControl "20min+5s/move"]
[WhiteElo "1480"]
[BlackElo "1434"]

1. e4 c5 2. Nf3 d6 3. d4 cxd4 4. Nxd4 Nf6 5. f3 Nc6 6. c3 e6 7. Be3 Be7 8. Bb5 Bd7 9. O-O O-O 10.
Ba4 a6 11. Nd2 Qc7 12. Bb3 b5 13. Rc1 Qb7 14. c4 b4 15. Nxc6 Bxc6 16. c5 d5 17. exd5 Nxd5 18. Bf2 Rfd8 19.
Qc2 Rac8 20. Rfd1 Bg5 21. a3 h6 22. axb4 Nxb4 23. Qc3 Rd3 24. Qc4 Rxd2 25. Rxd2 Bxd2 26. Rd1 Bg5 27. h4 Bf6 28.
Bg3 Bd5 29. c6 Qb6+ 30. Bf2 Qxf2+ 31. Kxf2 Bxc4 32. Bxc4 Rxc6 33. b3 Bxh4+ 34. g3 Bf6 35. Rd7 Nd5 36. Ra7 Bd4+ 37. Kg2 Bxa7 0-1